 Dungeon Crawl Stone Soup version 0.29-a0-490-g77b3608 (webtiles) character file.

Game seed: 15351427821459247566

3182 Illumine the Summoner (level 9, -9/34 HPs)
             Began as a Felid Summoner on May 25, 2022.
             Killed by an exploding themself (43 damage)
             ... ignited by their inner flame
             ... on level 8 of the Dungeon on May 26, 2022.
             The game lasted 00:25:58 (12022 turns).

Illumine the Summoner (Felid Summoner)             Turns: 12022, Time: 00:25:58

Health: -9/34      AC:  6    Str:  4    XL:     9   Next: 64%
Magic:  10/22      EV: 17    Int: 21    God:
Gold:   444        SH:  0    Dex: 16    Spells: 11/24 levels left
                                        Lives:  0   Deaths: 2

rFire   . . .      SeeInvis +   (weapon unavailable)
rCold   + . .      Faith    .   (shield unavailable)
rNeg    + . .      Spirit   .   (body armour unavailable)
rPois   .          Reflect  .   (helmet unavailable)
rElec   +          Harm     .   (cloak unavailable)
rCorr   +          Rampage  .   (gloves unavailable)
Will    .....                   (boots unavailable)
Stlth   ++........              (no amulet)
HPRegen 0.11/turn               q - ring of Qila {rElec rC+ rN+ Will- AC+4}
MPRegen 0.18/turn               x - ring of resist corrosion

@: quick
A: very small, claws 1, fangs 3, see invisible, speed 1, shaggy fur 2, stealthy
paws, no weapons or thrown items, no armour, multi-lived
a: no special abilities


You were on level 8 of the Dungeon.
You visited 2 branches of the dungeon, and saw 9 of its levels.

You collected 444 gold pieces.

Inventory:

Jewellery
 q - the ring of Qila (left paw) {rElec rC+ rN+ Will- AC+4}
   (You found it on level 3 of the Dungeon)

   [ring of protection]

   AC:        It affects your AC (+4).
   rC:        It protects you from cold.
   rElec:     It insulates you from electricity.
   rN:        It protects you from negative energy.
   Will:      It decreases your willpower.
 x - a ring of resist corrosion (right paw)
 A - a +6 ring of dexterity
Wands
 f - a wand of charming (8)
Scrolls
 c - a scroll of poison {unknown}
 d - 2 scrolls of magic mapping {unknown}
 g - 3 scrolls of noise
 h - 4 scrolls of blinking
 j - 3 scrolls of fog
 m - 3 scrolls of teleportation {unknown}
 n - 3 scrolls of enchant armour {unknown}
 o - 2 scrolls of immolation {unknown}
 t - a scroll of fear {unknown}
 w - a scroll of torment {unknown}
 y - 2 scrolls of amnesia {unknown}
Potions
 a - a potion of magic
 b - 4 potions of mutation
 e - a potion of haste {unknown}
 i - 4 potions of flight {unknown}
 k - a potion of berserk rage
 l - 3 potions of curing
 p - a potion of might {unknown}
 r - 2 potions of lignification {unknown}
 s - 2 potions of resistance {unknown}
 u - a potion of heal wounds {unknown}
 v - a potion of brilliance {unknown}
 z - a potion of attraction {unknown}


   Skills:
 - Level 2.6 Dodging
 - Level 2.6 Stealth
 - Level 8.0 Spellcasting
 - Level 5.0 Hexes
 + Level 9.6 Summonings
 + Level 6.8 Air Magic


You had 11 spell levels left.
You knew the following spells:

 Your Spells              Type           Power      Damage    Failure   Level
a - Summon Small Mammal   Summ           100%       N/A       1%          1
b - Call Imp              Summ           48%        N/A       1%          2
c - Call Canine Familiar  Summ           48%        N/A       1%          3
d - Summon Guardian Gole  Hex/Summ       39%        N/A       1%          3
e - Summon Lightning Spi  Summ/Air       42%        N/A       2%          4

Your spell library contained the following spells:

 Spells                   Type           Power      Damage    Failure   Level
 Conjure Flame            Conj/Fire      8%         6-21      24%         3
 Ignite Poison            Fire/Tmut/Pois 8%         N/A       24%         3
 Sticky Flame             Conj/Fire      8%         2d3       61%         4


Dungeon Overview and Level Annotations

Branches:
Dungeon (8/15)             Temple (1/1) D:4
   Lair: D:8-11

Altars:
Ashenzari
Cheibriados
Dithmenos
Elyvilon
Fedhas
Hepliaklqana
Kikubaaqudgha
Makhleb
Nemelex Xobeh
Qazlal
Ru
Sif Muna
Trog
Uskayaw
Vehumet
Wu Jian
Xom
Zin
The Shining One

Shops:
D:5 (


Innate Abilities, Weirdness & Mutations

You have sharp claws.
You have razor-sharp teeth.
You have supernaturally acute eyesight. (SInv)
You cover ground quickly. (Speed+)
You are covered in thick fur. (AC +2)
Your paws help you pounce on unaware monsters.
You are incapable of wielding weapons or throwing items.
You cannot wear armour.
You gain extra lives every three experience levels.


Message History

Your lightning spire shoots out a bolt of lightning at the ice beast!
The bolt of electricity hits the ice beast!
The centaur zombie closely misses you. The centaur zombie misses you.
The ice beast hits your lightning spire.
The ice beast freezes your lightning spire.
Your lightning spire resists.
Flame seeps out of your guardian golem.
The centaur zombie completely misses you.
The centaur zombie closely misses you.
The ice beast hits your lightning spire but does no damage.
The centaur zombie misses you. x2
Your lightning spire shoots out a bolt of lightning at the ice beast!
The bolt of electricity hits the ice beast!
Your guardian golem is engulfed in blazing flames.
Flame seeps out of your guardian golem.
The ice beast hits your lightning spire but does no damage.
The centaur zombie misses you.
The centaur zombie kicks you but does no damage.
Your lightning spire shoots out a bolt of lightning at the ice beast!
The bolt of electricity hits the ice beast!
The ice beast dies!
The centaur zombie barely misses you.
The centaur zombie kicks you but does no damage.
The centaur zombie barely misses you.
The centaur zombie kicks you but does no damage.
Your lightning spire shoots out a bolt of lightning at the centaur zombie!
The bolt of electricity hits the centaur zombie!
You scratch the centaur zombie. You bite the centaur zombie.
The centaur zombie is moderately damaged.
Your lightning spire shoots out a bolt of lightning at the centaur zombie!
The bolt of electricity hits the centaur zombie! x2
The centaur zombie is destroyed!
The bolt of electricity hits your lightning spire.
Your lightning spire completely resists.
The yak gores your guardian golem!
Your guardian golem disappears in a puff of smoke!
Your guardian golem explodes!
The fiery explosion engulfs you!!!
Ouch! That really hurt!
You die...

#...###.#.#######
#...#............
#...#........####
#...#........#######
#...#........#.....Y
#####.............#
#.............+
#########.#####.....#
#......@§§.###
#'#$...
#......8§Y.†.....#
###
#......§§.[#......
#....♣♣♣♣..#.......
#...♣♣ .♣♣# .......
#..♣ ♣ Y.. ... #.♣
... #. #.


You could see a yak (distracted, ally target) and a friendly lightning spire
(summoned, sheltered).

Vanquished Creatures
  A bat (D:2)
  A quokka (D:2)
  A frilled lizard (D:2)
3 creatures vanquished.

Vanquished Creatures (collateral kills)
  Prince Ribbit (D:5)
  3 yaks (D:8)
  A steam dragon (D:6)
  2 swamp worms (D:7)
  A water moccasin (D:6)
  2 ice beasts
  A centaur (D:8)
  A phantom (D:5)
  2 kobold brigands
  Blork the orc (D:6)
  A bullfrog (D:7)
  2 scorpions
  4 wights
  A killer bee (D:7)
  A howler monkey (D:6)
  A centaur zombie (D:8)
  5 hounds
  A jelly (D:3)
  3 orc priests (D:5)
  4 iguanas
  6 orc wizards
  11 gnolls
  9 adders
  A white imp (D:6)
  4 ufetubi
  2 worms (D:2)
  4 dart slugs
  18 orcs
  7 endoplasms
  4 giant cockroaches
  11 goblins
  8 hobgoblins
  7 kobolds
  A quokka (D:3)
  13 ball pythons
  4 bats (D:1)
  A frilled lizard (D:1)
  5 rats
154 creatures vanquished.

Vanquished Creatures (others)
  A yak (D:8)
  A swamp worm (D:7)
  An orc warrior (D:5)
  An ice beast (D:7)
  A black bear (D:4)
  A centaur (D:7)
  A gnoll sergeant (D:6)
  4 scorpions
  3 wights
  2 killer bees (D:7)
  A gnoll shaman (D:6)
  An orc priest (D:5)
  An iguana (D:5)
  3 gnolls (D:6)
  3 fungi (D:5)
  8 plants
33 creatures vanquished.

Grand Total: 190 creatures vanquished

Notes
Turn   | Place    | Note
-------+----------+-------------------------------------------
     0 | D:1      | Illumine the Felid Summoner began the quest for the Orb.
     0 | D:1      | Reached XP level 1. HP: 7/7 MP: 4/4
   319 | D:1      | Reached XP level 2. HP: 11/11 MP: 4/6
   359 | D:1      | Learned a level 2 spell: Call Imp
  1457 | D:2      | Reached XP level 3. HP: 11/14 MP: 2/8
  1535 | D:2      | Learned a level 3 spell: Call Canine Familiar
  2110 | D:2      | Found a faded altar of an unknown god.
  2457 | D:3      | Found an ancient bone altar of Kikubaaqudgha.
  2466 | D:3      | Noticed a +0 dagger
  2467 | D:3      | Noticed a +0 dagger
  2469 | D:3      | Found a hide-covered altar of Uskayaw.
  2572 | D:3      | Reached skill level 5 in Summonings
  2572 | D:3      | Reached XP level 4. HP: 18/18 MP: 5/10
  2610 | D:3      | Learned a level 3 spell: Summon Guardian Golem
  2817 | D:3      | Identified the ring of Qila {rElec rC+ rN+ Will- AC+4}
  2891 | D:2      | Reached skill level 1 in Hexes
  3745 | D:4      | Noticed a scorpion
  3771 | D:4      | Killed a scorpion
  3772 | D:4      | Reached XP level 5. HP: 21/21 MP: 9/11
  3820 | D:4      | Found a staircase to the Ecumenical Temple.
  3847 | Temple   | Entered the Ecumenical Temple
  4298 | D:4      | Gained mutation: You are covered in thick fur. (AC +2)
                  | [Felid growth]
  4298 | D:4      | Reached XP level 6. HP: 24/24 MP: 8/13
  4711 | D:4      | Learned a level 4 spell: Summon Lightning Spire
  5132 | D:5      | Entered Level 5 of the Dungeon
  5837 | D:5      | Noticed Prince Ribbit
  6047 | D:4      | Reached skill level 6 in Summonings
  6047 | D:4      | Reached skill level 1 in Air Magic
  6122 | D:5      | Reached XP level 7. HP: 27/27 MP: 12/14
  6372 | D:5      | Upgraded the game from 0.29-a0-486-ga88943b to
                  | 0.29-a0-490-g77b3608
  6451 | D:5      | Killed Prince Ribbit
  6452 | D:5      | Reached skill level 5 in Hexes
  6621 | D:5      | Killed from afar by an orc priest
  6622 | D:5      | Reached XP level 6. HP: -2/24 MP: 9/14
  6638 | D:5      | Reached skill level 5 in Spellcasting
  6688 | D:5      | Found Xuuca's Weapon Emporium.
  6724 | D:5      | Reached XP level 7. HP: 27/27 MP: 11/15
  6927 | D:5      | Reached skill level 7 in Summonings
  7173 | D:5      | Found a blossoming altar of Fedhas.
  7507 | D:6      | Reached XP level 8. HP: 11/31 MP: 9/17
  8277 | D:7      | Mangled by a swamp worm
  8278 | D:7      | Reached XP level 7. HP: -9/27 MP: 12/17
  8635 | D:6      | Reached skill level 8 in Summonings
  8714 | D:6      | Noticed a steam dragon
  9464 | D:6      | Reached XP level 8. HP: 31/31 MP: 3/18
  9629 | D:6      | Reached skill level 5 in Air Magic
  9810 | D:6      | Noticed Blork the orc
  9835 | D:6      | Killed Blork the orc
 11050 | D:7      | Reached XP level 9. HP: 15/34 MP: 9/21
 11247 | D:7      | Reached skill level 9 in Summonings
 12022 | D:8      | Killed by an exploding themself... ignited by their inner
                  | flame

Illustrated notes

Levels and vault maps discovered:
D:1:      zaba_arrival_water, layout_basic, minmay_tetromino_i2
D:2:      minmay_angry_zag, layout_basic, shapermc_ecumenical_altar_notcrosses
D:3:      layout_loops_ring, dancing_weapons_uskayaw,
          mainiacjoe_overflow_alcove_2
D:4:      kb_forest_paths, layout_basic, minmay_temple_entry_mist
D:5:      layout_cave_pods, fedhas_altar_3, serial_glass, glass_columns_a,
          glass_columns_a, kennysheep_small_square, uniq_prince_ribbit1
D:6:      layout_rooms, uniq_blork_the_orc
D:7:      layout_loops_ring, worms_lemuel
D:8:      layout_basic, nicolae_yredelemnul_corpse_copse, grunt_decor_arrowhead
Temple:   eino_temple_rhombus

Skill      XL: |  1  2  3  4  5  6  7  8  9 |
---------------+----------------------------+-----
Spellcasting   | 3 4 5 7 8 |  8.0
Summonings     | 5 6 8 9 |  9.6
Hexes          | 2 3 4 5 |  5.0
Air Magic      | 1 3 5 6 |  6.8
Dodging        | |  2.6
Stealth        | |  2.6

Action                   |  1- 3 |  4- 6 |  7- 9 || total
-------------------------+-------+-------+-------++-------
Melee: Unarmed           |     7 |     2 |     2 ||    11
       Bite              |       |       |     1 ||     1
 Cast: Summon Small Mamm |    44 |     7 |     1 ||    52
       Call Imp          |    25 |    21 |    17 ||    63
       Call Canine Famil |     3 |    26 |    46 ||    75
       Summon Guardian G |       |     7 |    48 ||    55
       Summon Lightning  |       |       |    22 ||    22
  Use: Scroll            |       |       |     6 ||     6
       Potion            |       |       |     1 ||     1
Armor: Skin              |     2 |     7 |    21 ||    30
Dodge: Dodged            |    35 |    31 |   107 ||   173

Table legend: (Time is in decaauts)
 A = Elapsed time spent in this place.
 B = Non-inter-level travel time spent in this place.
 C = Inter-level travel time spent in this place.
 D = Time resting spent in this place.
 E = Time spent auto-exploring this place.
 F = Levels seen in this place.
 G = Mean time per level.
                   A        B        C        D        E       F      G
               +--------+--------+--------+--------+--------+-----+--------+
         Total |  10863 |  10397 |    466 |   2588 |   5310 |   9 | 1207.0 |
       Dungeon |  10696 |  10243 |    453 |   2588 |   5167 |   8 | 1337.0 |
        Temple |    167 |    155 |     12 |      0 |    143 |   1 |  167.0 |
               +--------+--------+--------+--------+--------+-----+--------+

Top non-repeatable levels by time:
     D:7: 2352 daAuts
     D:5: 1739 daAuts
     D:4: 1447 daAuts
     D:1: 1282 daAuts
     D:6: 1264 daAuts
     D:2: 1202 daAuts
     D:3: 1058 daAuts
     D:8: 348 daAuts
  Temple: 167 daAuts
